 Dungeon Crawl Stone Soup version 0.32-a0-128-g77eb882913 (webtiles) character file.

Game seed: 7346391133112851300

350 Dittersdorf the Trooper (level 6, -4/40 HPs)
             Began as a Gargoyle Fighter on Feb 7, 2024.
             Slain by an ogre
             ... wielding a +0 giant spiked club
              (23 damage)
             ... on level 4 of the Dungeon.
             The game lasted 00:03:33 (2794 turns).

Dittersdorf the Trooper (Gargoyle Fighter)          Turns: 2794, Time: 00:03:34

Health: -4/40      AC: 12    Str: 22    XL:     6   Next: 61%
Magic:  6/6        EV:  9    Int:  8    God:
Gold:   177        SH:  4    Dex:  9    Spells: 5/5 levels left

rFire   . . .        p - +1 morningstar
rCold   . . .        c - +0 buckler
rNeg    + . .        b - +0 scale mail
rPois   ∞            (no helmet)
rElec   +            (no cloak)
rCorr   .            (no gloves)
SInv    .            t - +0 pair of boots
Will    .....        (no amulet) Stlth
                     (no ring)
HPRegen 0.26/turn    (no ring)
MPRegen 0.10/turn

%: no passive effects
@: no status effects
A: sickness immunity, AC +4, negative energy resistance 1, electricity
resistance, torment resistance 1, petrification resistance
a: no special abilities


You were on level 4 of the Dungeon.
You visited 1 branch of the dungeon, and saw 4 of its levels.

You collected 177 gold pieces.

Inventory:

Hand Weapons
 p - a +1 morningstar (weapon)
Armour
 b - a +0 scale mail (worn)
 c - a +0 buckler (worn)
 f - a +0 plate armour
 t - a +0 pair of boots (worn)
Scrolls
 a - a scroll of poison {unknown}
 i - a scroll of revelation {unknown}
Potions
 d - a potion of might
 e - 2 potions of brilliance
 g - a potion of cancellation
 l - a potion of ambrosia {unknown}
 m - a potion of mutation {unknown}
 n - a potion of heal wounds {unknown}
 q - 2 potions of curing {unknown}
 r - 2 potions of lignification {unknown}
 s - a potion of resistance


   Skills:
 + Level 4.9 Fighting
 + Level 3.8 Maces & Flails
 + Level 4.7 Armour
 + Level 4.8 Shields


You had 5 spell levels left.
You didn't know any spells.
Your spell library contained the following spells:

 Spells                   Type           Power      Damage    Failure   Level
 Stone Arrow              Conj/Erth      0%         3d7       98%         3
 Malign Gateway           Summ/Tloc      0%         N/A       100%        7
 Dragon's Call            Summ           0%         N/A       100%        9


Dungeon Overview and Level Annotations

Branches:
Dungeon (4/15)
 Temple: D:4-7

Altars:
Dithmenos
Elyvilon
Uskayaw

Shops:
D:3 (


Innate Abilities, Weirdness & Mutations

You are immune to sickness and miasma.
Your stone body is resilient. (AC +4)
You are immune to poison.
You resist negative energy. (rN+)
You are resistant to electric shocks. (rElec)
You are resistant to unholy torment.
You are immune to petrification.


Message History

No target in view!
No target in view!
No target in view!
No target in view!
No target in view!
No target in view!
No target in view!
Things that are here:
a +0 short sword; 2 boomerangs; an orc corpse An ogre comes into view.
It is wielding a +0 giant spiked club.
The ogre shouts!
The ogre moves out of view.
An ogre is nearby!
You hit the ogre but do no damage.
The ogre hits you with a +0 giant spiked club!!
Ouch! That really hurt!
You are too injured to fight recklessly!
You are too injured to fight recklessly!
You are too injured to fight recklessly!
You are too injured to fight recklessly!
You are too injured to fight recklessly!
You are too injured to fight recklessly!
You are too injured to fight recklessly!
You are too injured to fight recklessly!
You are too injured to fight recklessly!
You are too injured to fight recklessly!
You are too injured to fight recklessly!
You are too injured to fight recklessly!
You are too injured to fight recklessly!
You are too injured to fight recklessly!
You are too injured to fight recklessly!
You are too injured to fight recklessly!
You are too injured to fight recklessly!
You are too injured to fight recklessly!
You are too injured to fight recklessly!
You puncture the ogre!
The ogre is heavily wounded.
The ogre hits you with a +0 giant spiked club!!
Ouch! That really hurt!
You die...

##### #...##########
#.#..........#
#####...########@#
...###)## #O# ###
##.###.####### #..
..#
##............##...
..#
.......######.##.###
#.#
..............##.#
#.#
.####..#####..##.#
#.# .# #..# #..##.#
##.##### .# #..#
#..##.# #......#


You could see an ogre.

Vanquished Creatures
  Grinder (D:3)
  A scorpion (D:4)
  An adder (D:2)
  6 orcs
  7 endoplasms
  5 giant cockroaches
  8 goblins
  7 hobgoblins
  4 kobolds
  4 quokkas
  5 ball pythons
  5 bats
  5 frilled lizards
  6 rats
65 creatures vanquished.

Notes
Turn   | Place    | Note
-------+----------+-------------------------------------------
     0 | D:1      | Dittersdorf the Gargoyle Fighter began the quest for the
                  | Orb.
     0 | D:1      | Reached XP level 1. HP: 14/14 MP: 1/1
   163 | D:1      | Reached XP level 2. HP: 16/19 MP: 2/2
   523 | D:1      | Reached XP level 3. HP: 23/23 MP: 3/3
  1116 | D:2      | Got Sif Muna's Handbook of the Summoned Cwm
  1624 | D:3      | Found a faded altar of an unknown god.
  1689 | D:3      | Noticed Grinder
  1690 | D:3      | Paralysed by Grinder for 4 turns
  1722 | D:3      | Paralysed by Grinder for 3 turns
  1727 | D:3      | Killed Grinder
  1728 | D:3      | Reached XP level 4. HP: 19/30 MP: 4/4
  1728 | D:3      | Reached XP level 5. HP: 22/34 MP: 5/5
  1728 | D:3      | Reached XP level 6. HP: 25/39 MP: 6/6
  1821 | D:3      | Found Nora's Weapon Emporium.
  2058 | D:3      | Identified the +10 sling of Paper {drain, rN+++ Int-4 Dex+2
                  | Stlth-}
  2169 | D:3      | Found a hide-covered altar of Uskayaw.
  2467 | D:4      | Found a shadowy altar of Dithmenos.
  2622 | D:4      | Found a white marble altar of Elyvilon.
  2794 | D:4      | Slain by an ogre

Illustrated notes

Levels and vault maps discovered:
D:1:      dpeg_arrival_castle, layout_basic, glass_columns_b,
          nicolae_houndstooth_variations
D:2:      layout_basic
D:3:      layout_rooms, lemuel_round_altar, serial_shops, shop,
          chequers_ecumenical_altar_twisty, dk_vineyard_3, dk_noncrumbling_4,
          st_stairs_13, guppyfry_early_orc_mine, uniq_grinder
D:4:      layout_loops_ring, mainiacjoe_overflow_tiny_flanked,
          lemuel_coloured_pillars_altar

Skill      XL: |  1  2  3 |
---------------+----------+-----
Fighting       | 4 |  4.9
Maces & Flails | 3 |  3.8
Armour         | 4 |  4.7
Shields        | 4 |  4.8

Action                     |  1- 3 |  4- 6 || total
---------------------------+-------+-------++-------
  Melee: Flail             |   149 |       ||   149
         Morningstar       |     9 |    72 ||    81
    Use: Scroll            |       |     9 ||     9
 Armour: Scale mail        |   132 |    54 ||   186
  Dodge: Dodged            |    92 |    19 ||   111
  Block: Buckler           |    46 |    19 ||    65

Table legend: (Time is in decaauts)
 A = Elapsed time spent in this place.
 B = Non-inter-level travel time spent in this place.
 C = Inter-level travel time spent in this place.
 D = Time resting spent in this place.
 E = Time spent auto-exploring this place.
 F = Levels seen in this place.
 G = Mean time per level.
                   A        B        C        D        E       F      G
               +--------+--------+--------+--------+--------+-----+--------+
         Total |   2869 |   2809 |     60 |      0 |   2140 |   4 |  717.2 |
       Dungeon |   2869 |   2809 |     60 |      0 |   2140 |   4 |  717.2 |
               +--------+--------+--------+--------+--------+-----+--------+

Top non-repeatable levels by time:
     D:2: 894 daAuts
     D:1: 751 daAuts
     D:3: 698 daAuts
     D:4: 525 daAuts
